 Dungeon Crawl Stone Soup version 0.22-a0-422-g9628fc8 (webtiles) character file.

3250 Borgoz the Chopper (level 9, -1/56 HPs)
             Began as a Gargoyle Abyssal Knight on May 21, 2018.
             Was a Believer of Lugonu.
             Slain by an orc warrior
             ... wielding a +0 halberd
              (12 damage)
             ... in a bailey.
             The game lasted 00:22:56 (7485 turns).

Borgoz the Chopper (Gargoyle Abyssal Knight)        Turns: 7485, Time: 00:22:57

Health: -1/56      AC: 19    Str: 22    XL:     9   Next: 99%
Magic:  13/13      EV: 11    Int: 12    God:    Lugonu [**....]
Gold:   146        SH:  0    Dex: 12    Spells: 8/8 levels left

rFire    + . .     SeeInvis .   a - +2 hand axe
rCold    . . .     Gourm    .   (no shield)
rNeg     + . .     Faith    .   q - +0 chain mail {MR+}
rPois    ∞         Spirit   .   E - +2 helmet of the New World {rPois MR++ Regen+ Stlth-}
rElec    +         Reflect  .   (no cloak)
rCorr    .         Harm     .   (no gloves)
MR       +++..                  (no boots)
Stlth    ..........             (no amulet)
HPRegen  0.58/turn              p - ring of loudness
MPRegen  0.13/turn              B - ring of protection from fire

@: mighty, flying
A: negative energy resistance 1, electricity resistance, unbreathing,
petrification resistance, rot immunity, AC +6
a: Depart the Abyss, Bend Space, Renounce Religion


You were in a bailey.
You worshipped Lugonu.
Lugonu was pleased with you.
You were not hungry.

You visited 2 branches of the dungeon, and saw 12 of its levels.
You visited the Abyss 1 time.
You also visited: Bailey.

You collected 505 gold pieces.
You spent 359 gold pieces at shops.

Inventory:

Hand Weapons
 a - a +2 hand axe (weapon)
Missiles
 e - a throwing net (quivered)
Armour
 l - a +0 plate armour
 o - the cursed +0 leather armour "Resuaguh" {MR+ rCorr}
   (You found it on level 5 of the Dungeon)

   It affects your resistance to hostile enchantments.
   It protects you from acid and corrosion.
   It has a curse placed upon it.
 q - a +0 chain mail of magic resistance (worn)
 E - the +2 helmet of the New World (worn) {rPois MR++ Regen+ Stlth-}
   (You bought it in a shop on level 7 of the Dungeon)

   It protects you from poison.
   It affects your resistance to hostile enchantments.
   It increases your rate of regeneration.
   It makes you less stealthy.
Jewellery
 p - a ring of loudness (left hand)
 v - an uncursed ring of resist corrosion
 y - an uncursed ring of wizardry
 B - a ring of protection from fire (right hand)
Wands
 b - a wand of polymorph (3)
 s - a wand of paralysis (16)
 w - a wand of acid (7)
 x - a wand of clouds (5)
Scrolls
 f - 2 scrolls of enchant weapon
 g - a scroll of blinking
 i - 2 scrolls of remove curse
 j - a scroll of teleportation
 r - 3 scrolls of fear
Potions
 d - a potion of mutation
 h - a potion of magic
 m - 5 potions of curing
 t - a potion of flight
Comestibles
 c - 9 rations


   Skills:
 + Level 6.6 Fighting
 * Level 6.9 Axes
 + Level 6.0 Armour
 * Level 6.1 Dodging
 + Level 6.0 Invocations


You had 8 spell levels left.
You didn't know any spells.
Your spell library was empty.

Dungeon Overview and Level Annotations

Branches:
Dungeon (11/15)            Temple (1/1) D:5
   Lair: D:8-11         Orc: D:9-12

Altars:
Ashenzari
Cheibriados
Fedhas
Gozag
Kikubaaqudgha
Makhleb
Nemelex Xobeh
Okawaru
Qazlal
Ru
Sif Muna
Trog
Uskayaw
Vehumet
Xom
Yredelemnul
Zin
The Shining One

Shops:
D:7 ([(*


Innate Abilities, Weirdness & Mutations

You are resistant to torment.
Your stone body is resilient. (AC +6)
You are immune to poison.
You resist negative energy. (rN+)
You are resistant to electric shocks. (rElec)
You can survive without breathing.
You are immune to petrification.
You are immune to rotting.


Message History

The orc warrior hits you with a halberd.
The orc warrior barely misses you.
You hit the orc warrior.
The orc warrior is moderately wounded.
You barely miss the orc warrior.
The orc warrior is moderately wounded.
The orc warrior barely misses you.
You feel less invigorated.
You feel less confused.
The orc warrior hits you from afar with a halberd.
The orc warrior hits you with a halberd!
You closely miss the orc warrior.
The orc warrior is moderately wounded.
The orc warrior hits you with a halberd!
* * * LOW HITPOINT WARNING * * *
Unknown command.
It was a potion of might.
You feel very mighty all of a sudden.
The orc warrior hits you with a halberd!
You die...

#################
≈≈≈≈≈≈≈≈≈≈≈≈≈≈≈≈##
.......).........##
...)..............##
'##########⌠.......#
.)))).....#####.@..#
.≈≈≈≈≈≈≈≈≈....##o..#
≈≈.......≈≈≈)⌠.#...# .≈.....
..≈≈≈≈≈≈≈..≈≈..#...# .≈≈.⌠....
≈≈≈.....≈≈≈.≈≈.#⌠..# c≈........
≈..≈≈≈≈≈..≈≈.≈.##..# ≈≈....≈≈≈≈
.≈≈≈...≈≈≈.≈)≈≈.#..#####...≈≈≈≈≈≈
≈≈..⌠.⌠..≈.≈≈.≈.#..'......≈≈≈≈≈≈≈
..(.∩∩∩..≈.)..≈.#..'...o..≈≈≈≈≈:!


You could see an orc warrior.

Vanquished Creatures
  Erica (D:9)
  Prince Ribbit (D:7)
  A hippogriff (D:7)
  Sigmund (D:2)
  Duvessa (D:4)
  3 orc warriors (Bailey)
  A black bear (D:7)
  5 ogres
  2 centaurs (Bailey)
  Dowan (D:4)
  3 crimson imps
  4 hounds
  An orc priest (D:3)
  A centaur skeleton (D:7)
  An orc wizard (D:5)
  2 bullfrog skeletons
  Ijyb (D:3)
  Terence (D:2)
  An iguana (D:4)
  3 worker ants
  2 hound skeletons
  A worker ant zombie (D:3)
  11 adders
  3 shadow imps
  2 adder skeletons
  An adder zombie (D:3)
  A worm (D:3)
  A dart slug (D:2)
  4 leopard geckos
  31 orcs
  4 giant cockroaches
  6 goblins
  7 hobgoblins
  2 quokkas
  8 bats
  4 frilled lizards
  10 kobolds
  2 leopard gecko skeletons
  3 rats
138 creatures vanquished.

Vanquished Creatures (collateral kills)
  An ogre (D:9)
  A worker ant (D:9)
2 creatures vanquished.

Vanquished Creatures (others)
  3 orc warriors (Bailey)
  A human (D:2)
  A worker ant (D:9)
5 creatures vanquished.

Grand Total: 145 creatures vanquished

Notes
Turn   | Place    | Note
-------+----------+-------------------------------------------
     0 | Abyss:1  | Borgoz the Gargoyle Abyssal Knight began the quest for the Orb.
     0 | Abyss:1  | Reached XP level 1. HP: 14/14 MP: 2/2
    35 | Abyss:2  | Noticed a wraith
    37 | D:1      | Escaped the Abyss
   193 | D:1      | Reached skill level 1 in Dodging
   199 | D:1      | Reached * piety under Lugonu
   199 | D:1      | Reached XP level 2. HP: 19/19 MP: 3/3
   706 | D:2      | Noticed Sigmund
   842 | D:3      | Reached XP level 3. HP: 19/23 MP: 4/4
  1025 | D:3      | Reached XP level 4. HP: 22/29 MP: 5/5
  1101 | D:3      | Found a shattered altar of Ashenzari.
  1131 | D:3      | Found a bloodstained altar of Trog.
  1135 | D:3      | Found a sacrificial altar of Ru.
  1137 | D:3      | Found a glowing golden altar of the Shining One.
  1335 | D:3      | Noticed Ijyb
  1407 | D:3      | Killed Ijyb
  1407 | D:3      | Reached XP level 5. HP: 32/33 MP: 5/7
  1640 | D:3      | Reached ** piety under Lugonu
  2024 | D:2      | Found an ancient bone altar of Kikubaaqudgha.
  2062 | D:2      | Found a hide-covered altar of Uskayaw.
  2156 | D:2      | Noticed Terence
  2179 | D:2      | Killed Terence
  2179 | D:2      | Reached XP level 6. HP: 37/38 MP: 8/8
  2296 | D:2      | Killed Sigmund
  2624 | D:2      | Noticed a human
  2625 | D:2      | Killed a human
  2714 | D:4      | Reached XP level 7. HP: 12/44 MP: 9/9
  2941 | D:5      | Entered Level 5 of the Dungeon
  2979 | D:5      | Found a staircase to the Ecumenical Temple.
  3633 | D:4      | Noticed Duvessa
  3633 | D:4      | Noticed Dowan
  3662 | D:4      | Killed Duvessa
  3662 | D:4      | Reached XP level 8. HP: 41/48 MP: 9/11
  3672 | D:4      | Killed Dowan
  3672 | D:4      | Reached skill level 5 in Fighting
  4009 | Temple   | Entered the Ecumenical Temple
  4230 | D:5      | Got a heavily runed leather armour
  4246 | D:5      | Found a deep blue altar of Sif Muna.
  4247 | D:5      | Found a sparkling altar of Nemelex Xobeh.
  4416 | D:5      | Identified the cursed +0 leather armour "Resuaguh" {MR+ rCorr} (You found it on level 5 of the Dungeon)
  4506 | D:5      | Reached skill level 5 in Axes
  4525 | D:5      | HP: 1/49 [ogre/giant club (23)]
  5689 | D:7      | Noticed Prince Ribbit
  5700 | D:7      | Found Sadeb's Armour Shoppe.
  5702 | D:7      | Killed Prince Ribbit
  5702 | D:7      | Reached *** piety under Lugonu
  5753 | D:7      | Found Lotuesoa's Assorted Antiques.
  5822 | D:7      | Found Sigump's Antique Weapon Emporium.
  5875 | D:7      | Found Pevon's Antique Weapon Emporium.
  5922 | D:7      | Reached XP level 9. HP: 55/55 MP: 12/12
  6043 | D:7      | Reached skill level 5 in Armour
  6043 | D:7      | Reached skill level 5 in Dodging
  6043 | D:7      | Reached skill level 5 in Invocations
  6479 | D:7      | Bought the +2 helmet of the New World {rPois MR++ Regen+ Stlth-} for 359 gold pieces
  6500 | D:8      | You fall through a shaft for 3 floors!
  6500 | D:11     | Noticed a gargoyle
  6509 | D:10     | Entered Level 10 of the Dungeon
  6550 | D:9      | Found a flagged portal.
  6550 | D:9      | Noticed Erica
  6578 | D:9      | Killed Erica
  6640 | Bailey   | Entered a bailey
  7485 | Bailey   | Slain by an orc warrior

Vault maps used:
D:1:      ncdulo_wetmaze
D:2:      overflow_temple_1_default, tgw_kikubaaqudgha, uniq_sigmund,
          uniq_terence
D:3:      nicolae_ashenzari_panopticon, minitemple, serial_undead,
          serial_undead_b, serial_undead_e, serial_undead_c, serial_undead_c,
          uniq_ijyb
D:4:      first_ration, uniq_duvessa
D:5:      gammafunk_temple_overflow_statue, minmay_temple_entry_mist
D:7:      black_bear_nest_2, serial_shops, kennysheep_mini, shop,
          shop_fountains, shop, uniq_prince_ribbit1
D:8:      lemuel_doored_altar, lemuel_crystal_altar, elyvilon_altar_5,
          serial_shops, shop, blue_anna_alchemist, minmay_tree_intersection,
          kennysheep_small_square
D:9:      overflow_temple_1_default, enter_bailey_2, basic_altar, uniq_erica
D:10:     minmay_the_grid_octo_triangle
D:11:     erik_lair_island, kennysheep_diamond, minmay_item_behind_shaft
Temple:   jpeg_temple_alley_garden
Bailey:   bailey_polearm_flooded_kennysheep, bailey

Skill      XL: |  1  2  3  4  5  6  7  8  9 |
---------------+----------------------------+-----
Dodging        | 1 2 3 4 6 |  6.1
Axes           | 2 3 4 5 6 |  6.9
Fighting       | 4 5 6 |  6.6
Armour         | 3 4 6 |  6.0
Invocations    | 3 4 6 |  6.0

Action                   |  1- 3 |  4- 6 |  7- 9 || total
-------------------------+-------+-------+-------++-------
Melee: Hand axe          |   129 |   251 |   581 ||   961
       Unarmed           |       |    12 |       ||    12
Invok: Depart the Abyss  |     1 |       |       ||     1
       Banish            |       |       |     5 ||     5
Evoke: Wand              |       |       |     7 ||     7
  Use: Scroll            |       |     4 |    12 ||    16
       Potion            |       |     2 |     8 ||    10
 Stab: Invisible         |       |     2 |    12 ||    14
       Paralysed         |       |       |     6 ||     6
       Confused          |       |       |     1 ||     1
  Eat: Chunk             |     1 |     6 |    17 ||    24
Armor: Leather armour    |    26 |       |       ||    26
       Plate armour      |    63 |   199 |   443 ||   705
       Skin              |       |     1 |       ||     1
       Chain mail        |       |       |    38 ||    38
Dodge: Dodged            |    78 |    82 |   232 ||   392

Table legend:
 A = Spawn XP
 B = Non-spawn XP
 C = Spawn XP percentage of total XP
 D = Spawn monster count
 E = Non-spawn monster count
 F = Spawn count percentage of total count
 G = Total turns spent on level
                    A         B        C        D         E        F      G
               +---------+---------+-------+---------+---------+-------+---------
         Total |       0 |    4643 |   0.0 |       0 |     143 |   0.0 |  7485
               +---------+---------+-------+---------+---------+-------+---------
           D:1 |       0 |      28 |   0.0 |       0 |      18 |   0.0 |   710
           D:2 |       0 |     297 |   0.0 |       0 |      12 |   0.0 |   711
           D:3 |       0 |     232 |   0.0 |       0 |      34 |   0.0 |  1145
           D:4 |       0 |     624 |   0.0 |       0 |      14 |   0.0 |  1126
           D:5 |       0 |     564 |   0.0 |       0 |      23 |   0.0 |  1004
           D:6 |       0 |     197 |   0.0 |       0 |       6 |   0.0 |   724
           D:7 |       0 |     829 |   0.0 |       0 |       9 |   0.0 |   845
           D:9 |       0 |     975 |   0.0 |       0 |       3 |   0.0 |    97
        Bailey |       0 |     897 |   0.0 |       0 |      24 |   0.0 |   845
               +---------+---------+-------+---------+---------+-------+---------
